 Dungeon Crawl Stone Soup version 0.13-a0-1590-g33f0eee (webtiles) character file.

308 Kae the Chiller (level 5, -3/38 HPs)
             Began as a Draconian Ice Elementalist on June 13, 2013.
             Slain by a centaur skeleton (8 damage)
             ... on Level 4 of the Dungeon.
             The game lasted 00:06:27 (3680 turns).

Kae the Chiller (Draconian Ice Elementalist)        Turns: 3680, Time: 00:06:27

HP  -3/38        AC  6     Str 11      XL: 5   Next: 29%
MP  10/10        EV 12     Int 16      God:
Gold 133         SH  0     Dex 11      Spells:  3 memorised,  3 levels left

Res.Fire  : . . .   See Invis. : .   (no weapon)
Res.Cold  : . . .   Warding    : .   (armour unavailable)
Life Prot.: . . .   Conserve   : .   (no shield)
Res.Poison: .       Res.Corr.  : .   (helmet restricted)
Res.Elec. : .       Clarity    : .   (no cloak)
Sust.Abil.: . .     Spirit.Shd : .   o - +0 pair of gloves
Res.Mut.  : .       Stasis     : .   (no boots)
Res.Rott. : .       Flight     : .   (no amulet)
Saprovore : . . .                    (no ring)
                                     (no ring)

@: slightly resistant to hostile enchantments, unstealthy
A: unfitting armour, AC +5
a: no special abilities


You were on level 4 of the Dungeon.
You were not hungry.

You visited 1 branch of the dungeon, and saw 4 of its levels.

You collected 113 gold pieces.

Inventory:

Armour
 o - a +0 pair of gloves (worn)
Comestibles
 c - 2 bread rations
 f - a lychee
 g - a sausage
 n - 2 oranges
Scrolls
 e - a scroll of curse jewellery {unknown}
 h - 3 scrolls of enchant weapon I {unknown}
 i - a scroll of amnesia {unknown}
 j - a scroll of noise {unknown}
 k - 4 scrolls of identify {unknown}
 l - 3 scrolls of enchant armour {unknown}
 m - 2 scrolls of curse weapon {unknown}
 q - a scroll of random uselessness {unknown}
 t - a scroll of remove curse {unknown}
 u - a scroll of curse armour {unknown}
 v - 2 scrolls of teleportation {unknown}
 x - a scroll of blinking {unknown}
Potions
 a - a potion of restore abilities {unknown}
 d - a potion of curing {unknown}
 p - a potion of might {unknown}
 r - a potion of heal wounds {unknown}
 s - a potion of speed {unknown}
 w - a potion of magic {unknown}
 z - a potion of agility {unknown}
Books
 b - a book of Frost

   Spells                             Type                      Level
   *Freeze                            Ice                          1
   *Throw Frost                       Conjuration/Ice              2
   *Ozocubu's Armour                  Charms/Ice                   3
   Throw Icicle                       Conjuration/Ice              4
   Summon Ice Beast                   Ice/Summoning                4
   Condensation Shield                Ice                          4


   Skills:
 - Level 1.7 Dodging
 - Level 1.7 Stealth
 + Level 2.5 Spellcasting
 * Level 2.8 Conjurations
 * Level 4.5 Ice Magic


You had 3 spell levels left.
You knew the following spells:

 Your Spells              Type           Power        Failure   Level  Hunger
a - Freeze                Ice            ###.         3%          1    #......
b - Throw Frost           Conj/Ice       ##....       10%         2    ##.....
c - Ozocubu's Armour      Chrm/Ice       #.........   28%         3    ###....


Dungeon Overview and Level Annotations

Branches:
Dungeon (4/27)
 Temple: D:4-7

Altars:
Cheibriados


Message History

There is an open door here.
The centaur skeleton hits you.
There is an open door here.
The centaur skeleton closely misses you.
You hit the centaur skeleton but do no damage.
The centaur skeleton barely misses you.
You hit the centaur skeleton. The centaur skeleton hits you.
* * * LOW HITPOINT WARNING * * *
You hit the centaur skeleton but do no damage.
You tail-slap the centaur skeleton. The centaur skeleton hits you.
* * * LOW HITPOINT WARNING * * *
The centaur skeleton closely misses you.
You hit the centaur skeleton. The centaur skeleton barely misses you.
There is a stone staircase leading up here.
The centaur skeleton hits you but does no damage.
The centaur skeleton closely misses you.
There is a stone staircase leading up here.
The centaur skeleton hits you but does no damage.
You open the door. The centaur skeleton hits you!
You die...

#...........# ###.#######
######.###### #...## ##..# ###..#
#..## ##.# #+### ###'######## #.#
....# #..........# #######.#####
...?###..........####............
..!.#.'.<........##..............
....#.#.....z..Z@'..#.....>.)%...
...z#.#.......<..####............
....z.#..........# #.......>....
....#######'###### #............
##### #.## ########.#### #..#
###.# ##.# #..(# #.# #.### #.#
####.######


You could see an orc skeleton and a centaur skeleton.

Vanquished Creatures
  An orc priest (D:3)
  3 gnolls (D:3)
  An adder (D:3)
  2 worms
  A bat skeleton (D:4)
  4 giant geckos
  An ooze (D:3)
  2 orcs (D:3)
  2 ball pythons
  10 bats
  5 giant cockroaches
  9 goblins
  9 hobgoblins
  6 giant newts
  10 jackals
  10 kobolds
  12 rats
88 creatures vanquished.

Vanquished Creatures (others)
  A goblin (D:1)
  2 rats
3 creatures vanquished.

Grand Total: 91 creatures vanquished

Notes
Turn   | Place    | Note
--------------------------------------------------------------
     0 | D:1      | Kae, the Draconian Ice Elementalist, began the quest for the Orb.
     0 | D:1      | Reached XP level 1. HP: 14/14 MP: 3/3
   287 | D:1      | Reached XP level 2. HP: 10/20 MP: 4/4
   291 | D:1      | Learned a level 2 spell: Throw Frost
  1142 | D:1      | Reached XP level 3. HP: 7/26 MP: 1/6
  2461 | D:2      | Reached XP level 4. HP: 33/33 MP: 6/8
  2593 | D:3      | Learned a level 3 spell: Ozocubu's Armour
  2728 | D:3      | Reached skill level 4 in Ice Magic
  3121 | D:3      | Reached XP level 5. HP: 31/38 MP: 5/9
  3558 | D:4      | Found a snail-covered altar of Cheibriados.
  3680 | D:4      | Slain by a centaur skeleton

Action                   |  1- 3 |  4- 6 || total
-------------------------+-------+-------++-------
Melee: Unarmed           |    76 |    39 ||   115
 Cast: Freeze            |    91 |    60 ||   151
